 Dungeon Crawl Stone Soup version 0.21-a0-228-g14ccbf3 (webtiles) character file.

7715 Spazmo the Destroyer (level 11, -10/60 HPs)
             Began as a Gargoyle Fire Elementalist on Aug 31, 2017.
             Was a Priest of Vehumet.
             Mangled by a death yak (21 damage)
             ... on level 10 of the Dungeon.
             The game lasted 00:46:54 (7804 turns).

Spazmo the Destroyer (Gargoyle Fire Elementalist)   Turns: 7804, Time: 00:46:56

Health: -10/60     AC: 13    Str: 13    XL:     11   Next: 19%
Magic:  16/23      EV: 12    Int: 23    God:    Vehumet [***...]
Gold:   491        SH:  4    Dex: 10    Spells: 12/27 levels left

rFire    + . .     SeeInvis .   w - +4 long sword of Wariness {drain, Int+5}
rCold    x . .     Gourm    .   E - +0 buckler
rNeg     + . .     Faith    .   a - +1 robe
rPois    ∞         Spirit   .   i - +2 hat
rElec    +         Reflect  .   x - +0 cloak
rCorr    .         Harm     .   (no gloves)
MR       .....                  (no boots)
Stlth    ++........             Q - amulet of magic regeneration
HPRegen  0.20/turn              q - ring of fire
MPRegen  0.43/turn              (no ring)

@: no status effects
A: negative energy resistance 1, electricity resistance, unbreathing,
petrification resistance, rot immunity, AC +7
a: Renounce Religion


You were on level 10 of the Dungeon.
You worshipped Vehumet.
Vehumet was most pleased with you.
You were hungry.

You visited 1 branch of the dungeon, and saw 10 of its levels.
You also visited: Sewer.

You collected 652 gold pieces.
You spent 161 gold pieces at shops.

Inventory:

Hand Weapons
 w - the +4 long sword of Wariness (weapon) {drain, Int+5}
   (You bought it in a shop on level 4 of the Dungeon)

   A truly terrible weapon, it drains the life of those it strikes.
   It affects your intelligence (+5).
Missiles
 d - 482 stones (quivered)
Armour
 a - a +1 robe (worn)
 i - a +2 hat (worn)
 x - a +0 cloak (worn)
 E - a +0 buckler (worn)
Jewellery
 q - a ring of fire (left hand)
 O - an uncursed ring of ice
 Q - an amulet of magic regeneration (around neck)
Wands
 A - a wand of random effects (26/48)
 G - a wand of paralysis (17/24)
 H - a wand of paralysis (8/24)
 I - a wand of polymorph (13/24)
 K - a wand of lightning (10/15)
 L - a wand of clouds (5/9)
Scrolls
 g - 2 scrolls of enchant weapon
 h - a scroll of identify
 l - 5 scrolls of remove curse
 u - 7 scrolls of magic mapping
 y - 4 scrolls of teleportation
 C - 2 scrolls of blinking
 D - 2 scrolls of fear
 J - a scroll of enchant armour
 P - a scroll of recharging
Potions
 e - 2 potions of magic
 j - 2 potions of agility
 m - 2 potions of ambrosia
 n - 2 potions of lignification
 s - 2 potions of curing
 t - 2 potions of invisibility
 v - 2 potions of resistance
 z - a potion of brilliance
 B - 2 potions of might
 F - a potion of heal wounds
 M - a potion of haste
Books
 b - a book of Flames

   Spells                             Type                      Level
   a - Flame Tongue                   Conjuration/Fire             1
   b - Throw Flame                    Conjuration/Fire             2
   c - Conjure Flame                  Conjuration/Fire             3
   d - Inner Flame                    Hexes/Fire                   3
   e - Sticky Flame                   Conjuration/Fire             4
   f - Fireball                       Conjuration/Fire             5
 o - a book of Necromancy

   Spells                             Type                      Level
   a - Pain                           Necromancy                   1
   b - Animate Skeleton               Necromancy                   1
   c - Vampiric Draining              Necromancy                   3
   d - Regeneration                   Charms/Necromancy            3
   e - Animate Dead                   Necromancy                   4
   f - Control Undead                 Necromancy                   4
 N - a book of Maledictions

   Spells                             Type                      Level
   a - Corona                         Hexes                        1
   b - Ensorcelled Hibernation        Hexes/Ice                    2
   c - Confuse                        Hexes                        3
   d - Tukima's Dance                 Hexes                        3
   e - Dazzling Spray                 Conjuration/Hexes            3
Comestibles
 c - 5 bread rations
 f - 7 meat rations
 k - 7 fruits
 p - 3 chunks of flesh


   Skills:
 + Level 3.5 Fighting
 + Level 2.2 Dodging
 - Level 3.0 Stealth
 - Level 4.0 Shields
 * Level 8.7 Spellcasting
 - Level 10.0 Conjurations
 * Level 9.9 Fire Magic


You had 12 spell levels left.
You knew the following spells:

 Your Spells              Type           Power        Failure   Level  Hunger
a - Flame Tongue          Conj/Fire      #####        1%          1    None
b - Throw Flame           Conj/Fire      ######       1%          2    None
c - Conjure Flame         Conj/Fire      ######..     1%          3    None
d - Sticky Flame          Conj/Fire      ######..     1%          4    ##.....
e - Fireball              Conj/Fire      ######....   1%          5    ####...


Dungeon Overview and Level Annotations

Branches:
Dungeon (10/15)            Temple (0/1) D:6
   Lair: D:8-11         Orc: D:9-12

Altars:
Dithmenos
Fedhas
Gozag
Hepliaklqana
Makhleb
Nemelex Xobeh
Okawaru
Qazlal
Sif Muna
Trog
Uskayaw
Vehumet
Xom
Yredelemnul
The Shining One

Shops:
D:4 }(((


Innate Abilities, Weirdness & Mutations

You are resistant to torment.
Your stone body is resilient. (AC +7)
You are immune to poison.
You resist negative energy. (rN+)
You are resistant to electric shocks. (rElec)
You can survive without breathing.
You are immune to petrification.
You are immune to rotting.


Message History

Casting: Sticky Flame
Confirm with . or Enter, or press ? or * to list all spells.
Aiming: Conjure Flame
Press: ? - help, Dir - move target cursor You feel a surge of power!
The fire ignites!
The death yak is engulfed in blazing flames.
The death yak gores you!
* * * LOW HITPOINT WARNING * * *
Casting: Conjure Flame
Confirm with . or Enter, or press ? or * to list all spells.
Aiming: Sticky Flame
Press: ? - help, Shift-Dir - straight line, f - death yak
Aim: a death yak (flame, lightly wounded)
You feel a surge of power!
The sticky flame hits the death yak.
The death yak is lightly wounded.
The death yak is covered in liquid flames!
The death yak burns!
The death yak is engulfed in blazing flames.
The death yak gores you!!
You die...

#.###.....# #.##
}.........# #..#
#...#.....# ##.#
#.#.#.....# #.#
#.#.###.### #.# Z.#.###.#
#.# #Y[...#.# #.#
#.#.#.#r################.#
)........r5.ZY.Y@........#
#.#.#.#.##################
.(......# ###.##### #.#
#.# ..# ##


You could see 2 death yaks, a porcupine, a crimson imp and an adder zombie.

Vanquished Creatures
  3 two-headed ogres
  A death yak (D:10)
  Prince Ribbit (D:5)
  A wyvern (D:8)
  A hungry ghost (D:8)
  Edmund (D:5)
  Menkaure (D:5)
  Duvessa (D:6)
  An orc warrior (D:10)
  4 ice beasts
  2 necrophages (D:9)
  2 phantoms (D:5)
  5 ogres
  A crocodile (D:7)
  3 centaurs
  A big kobold (D:7)
  Blork the orc (D:6)
  A gnoll sergeant (D:5)
  6 bullfrogs
  2 wyvern skeletons
  Dowan (D:6)
  11 scorpions
  A wight (D:6)
  3 howler monkeys
  3 crimson imps
  A bullfrog zombie (D:5)
  3 orc priests
  Crazy Yiuf (D:4)
  A bullfrog skeleton (D:8)
  A centaur zombie (D:9)
  A gnoll shaman (D:7)
  4 hounds
  A jelly (D:8)
  10 orc wizards
  3 iguanas
  4 worker ants
  2 hound zombies
  2 hound skeletons
  A howler monkey zombie (D:5)
  13 gnolls
  2 worker ant zombies
  10 adders
  2 howler monkey skeletons
  8 river rats
  2 shadow imps
  3 oozes
  An adder skeleton (D:9)
  An adder zombie (D:7)
  3 worms
  A dart slug (D:1)
  4 leopard geckos
  29 orcs
  7 ball pythons
  4 bats
  6 giant cockroaches
  11 goblins
  5 hobgoblins
  20 jackals
  5 quokkas
  10 frilled lizards
  A giant cockroach zombie (D:5)
  11 kobolds
  A leopard gecko skeleton (D:5)
  2 quokka skeletons
  9 rats
264 creatures vanquished.

Vanquished Creatures (others)
  An orc warrior (D:6)
  2 hounds (D:6)
  A worker ant (D:6)
  2 butterflies (D:5)
6 creatures vanquished.

Grand Total: 270 creatures vanquished

Notes
Turn   | Place    | Note
-------+----------+-------------------------------------------
     0 | D:1      | Spazmo the Gargoyle Fire Elementalist began the quest for the Orb.
     0 | D:1      | Reached XP level 1. HP: 10/10 MP: 3/3
   289 | D:1      | Reached XP level 2. HP: 8/15 MP: 1/5
   307 | D:1      | Learned a level 2 spell: Throw Flame
   475 | D:1      | Reached skill level 2 in Conjurations
   491 | D:1      | Reached XP level 3. HP: 19/19 MP: 2/6
  1154 | D:2      | Reached XP level 4. HP: 23/24 MP: 4/7
  1166 | D:2      | Learned a level 3 spell: Conjure Flame
  1821 | D:2      | Reached XP level 5. HP: 28/28 MP: 6/9
  1956 | D:3      | Reached skill level 3 in Conjurations
  2439 | D:3      | Found a shadowy altar of Dithmenos.
  2529 | D:3      | Reached XP level 6. HP: 29/32 MP: 8/11
  2584 | D:3      | Learned a level 4 spell: Sticky Flame
  2700 | D:3      | Reached skill level 4 in Conjurations
  2746 | D:4      | Found Qaab's Weapon Boutique.
  2792 | D:4      | Found an iron altar of Okawaru.
  2815 | D:4      | Found Bapyge's Gadget Emporium.
  2897 | D:4      | Found Sotub's Antique Weapon Boutique.
  2901 | D:4      | Reached XP level 7. HP: 30/36 MP: 10/12
  2914 | D:4      | Bought a smoking long sword for 161 gold pieces
  2914 | D:4      | Identified the +4 long sword of Wariness {drain, Int+5} (You bought it in a shop on level 4 of the Dungeon)
  2952 | D:4      | Found Alintaho's Weapon Shop.
  2962 | D:4      | Reached skill level 5 in Fire Magic
  2971 | D:4      | Found a sparkling altar of Nemelex Xobeh.
  3022 | D:4      | Found a runed door.
  3026 | D:4      | Noticed Crazy Yiuf
  3030 | D:4      | Killed Crazy Yiuf
  3175 | D:4      | Found a bloodstained altar of Trog.
  3193 | D:4      | Reached skill level 5 in Conjurations
  3307 | D:5      | Entered Level 5 of the Dungeon
  3378 | D:5      | Reached XP level 8. HP: 20/41 MP: 10/15
  3517 | D:5      | Found a shimmering altar of Xom.
  3538 | D:5      | Reached skill level 5 in Spellcasting
  3543 | D:5      | Found a basalt altar of Yredelemnul.
  3556 | D:5      | Reached skill level 6 in Conjurations
  3688 | D:5      | Found a radiant altar of Vehumet.
  3696 | D:5      | Became a worshipper of Vehumet
  3744 | D:5      | Noticed Prince Ribbit
  3752 | D:5      | Killed Prince Ribbit
  3792 | D:5      | Found a blossoming altar of Fedhas.
  3823 | D:5      | Found a hazy altar of Hepliaklqana.
  3866 | D:5      | Found a glowing drain.
  3898 | Sewer    | Entered a sewer
  4261 | D:5      | Noticed Menkaure
  4267 | D:5      | Killed Menkaure
  4267 | D:5      | Reached skill level 1 in Fighting
  4267 | D:5      | Reached skill level 7 in Conjurations
  4359 | D:5      | Reached * piety under Vehumet
  4359 | D:5      | Offered knowledge of Sting by Vehumet.
  4425 | D:5      | Noticed Edmund
  4438 | D:5      | Killed Edmund
  4438 | D:5      | Reached XP level 9. HP: 48/48 MP: 9/17
  4457 | D:5      | Found a deep blue altar of Sif Muna.
  4626 | D:6      | Noticed Blork the orc
  4636 | D:6      | Killed Blork the orc
  4744 | D:6      | Found an opulent altar of Gozag.
  4883 | D:6      | Found a shimmering altar of Xom.
  4902 | D:6      | Found a hide-covered altar of Uskayaw.
  5032 | D:6      | Found a staircase to the Ecumenical Temple.
  5115 | D:6      | Noticed Dowan
  5116 | D:6      | Noticed Duvessa
  5119 | D:6      | Killed Dowan
  5119 | D:6      | Reached skill level 8 in Conjurations
  5128 | D:6      | Killed Duvessa
  5274 | D:7      | Offered knowledge of Searing Ray by Vehumet.
  5583 | D:7      | Reached ** piety under Vehumet
  5811 | D:7      | Reached skill level 1 in Shields
  5811 | D:7      | Reached XP level 10. HP: 56/56 MP: 13/20
  5966 | D:7      | Learned a level 5 spell: Fireball
  6090 | D:8      | Offered knowledge of Throw Frost by Vehumet.
  6152 | D:8      | Found a stormy altar of Qazlal.
  6175 | D:8      | Noticed a two-headed ogre
  6182 | D:8      | Killed a two-headed ogre
  6182 | D:8      | Reached skill level 9 in Conjurations
  6370 | D:8      | Noticed a two-headed ogre
  6377 | D:8      | Killed a two-headed ogre
  6377 | D:8      | Reached *** piety under Vehumet
  6443 | D:8      | Found a glowing golden altar of the Shining One.
  6880 | D:9      | Noticed a two-headed ogre
  6889 | D:9      | Killed a two-headed ogre
  7075 | D:9      | Found a burning altar of Makhleb.
  7182 | D:9      | Offered knowledge of Fulminant Prism by Vehumet.
  7223 | D:9      | Reached skill level 10 in Conjurations
  7223 | D:9      | Reached XP level 11. HP: 60/60 MP: 18/23
  7510 | D:10     | Entered Level 10 of the Dungeon
  7766 | D:10     | Noticed a death yak
  7768 | D:10     | Noticed a death yak
  7775 | D:10     | Noticed a death yak
  7791 | D:10     | Killed a death yak
  7804 | D:10     | Mangled by a death yak

Vault maps used:
D:1:      minmay_arrival_doors
D:3:      nicolae_dithmenos_through_a_glass_darkly, kennysheep_generic_room_14
D:4:      lemuel_crystal_altar, kennysheep_mini, okawaru_ov_weapons_minmay,
          serial_shops, shop, shop, nicolae_shop_competitors_out_of_business,
          nicolae_shop_overgrown_old_shop, serial_curves, eino_curves_01,
          eino_curves_01, lemuel_old_faithful, uniq_crazy_yiuf_cottage
D:5:      nicolae_overflow_crystal_walls, fiery_altar_vehumet,
          lemuel_coloured_pillars_altar, kennysheep_little_box,
          lemuel_crystal_altar, xom_butterflies, portal_sewer_entry_a,
          first_bread, serial_corexii_hall, corexii_hall_statues_t,
          corexii_hall_statues_i, nzn_random_ring, uniq_prince_ribbit1,
          uniq_menkaure, uniq_edmund
D:6:      lemuel_round_altar, overflow_temple_1_default, temple_statues,
          xom_confusion_cloud, uniq_duvessa, uniq_blork_the_orc
D:7:      hangedman_abyss_or_decor_stabs
D:8:      nicolae_tso_swordbearing_angel, grunt_qazlal_sundering
D:9:      makhleb_blood_cavern_becter, hangedman_decor_points, st_stairs_2
D:10:     dpeg_lair_monsters
Sewer:    sewer_co_cracked_pipes

Skill      XL: |  1  2  3  4  5  6  7  8  9 10 11 |
---------------+----------------------------------+-----
Conjurations   | 2 3 4 5 7 8 10 | 10.0
Spellcasting   | 3 4 5 7 8 |  8.7
Fire Magic     | 4 5 6 8 9 |  9.9
Stealth        | 3 |  3.0
Dodging        | 2 |  2.2
Fighting       | 1 3 |  3.5
Shields        | 1 3 4 |  4.0

Action                   |  1- 3 |  4- 6 |  7- 9 | 10-12 || total
-------------------------+-------+-------+-------+-------++-------
Melee: Short sword       |    62 |    25 |       |       ||    87
       Unarmed           |     1 |       |       |       ||     1
       Dagger            |       |   106 |       |       ||   106
       Long sword        |       |       |   218 |   136 ||   354
Throw: Stone             |       |       |     3 |     1 ||     4
 Cast: Flame Tongue      |    27 |    38 |   144 |    93 ||   302
       Sticky Flame      |       |       |    10 |    16 ||    26
       Throw Flame       |       |       |    10 |    13 ||    23
       Fireball          |       |       |       |     1 ||     1
       Conjure Flame     |       |       |       |     1 ||     1
  Use: Scroll            |       |     7 |     7 |     5 ||    19
       Potion            |       |     4 |     3 |     1 ||     8
 Stab: Sleeping          |     4 |     8 |     2 |     3 ||    17
       Distracted        |       |       |     2 |       ||     2
       Invisible         |       |       |     1 |       ||     1
  Eat: Chunk             |     1 |     6 |    10 |     8 ||    25
       Fruit             |       |       |     1 |       ||     1
Armor: Robe              |    30 |    62 |    94 |    70 ||   256
       Skin              |       |     6 |       |       ||     6
Dodge: Dodged            |    45 |    88 |   187 |    77 ||   397
Block: Buckler           |       |       |     2 |    30 ||    32
       Rpst.: Long sword |       |       |    60 |    27 ||    87

Table legend:
 A = Spawn XP
 B = Non-spawn XP
 C = Spawn XP percentage of total XP
 D = Spawn monster count
 E = Non-spawn monster count
 F = Spawn count percentage of total count
 G = Total turns spent on level
                    A         B        C        D         E        F      G
               +---------+---------+-------+---------+---------+-------+---------
         Total |     906 |   10116 |   8.2 |      29 |     235 |  11.0 |  7804
               +---------+---------+-------+---------+---------+-------+---------
           D:1 |       6 |      41 |  12.8 |       3 |      17 |  15.0 |   824
           D:2 |      20 |     122 |  14.1 |       3 |      22 |  12.0 |  1096
           D:3 |      11 |     327 |   3.3 |       4 |      30 |  11.8 |   810
           D:4 |     133 |     382 |  25.8 |       3 |      10 |  23.1 |   577
           D:5 |      44 |    1380 |   3.1 |       1 |      29 |   3.3 |   914
           D:6 |     241 |    1105 |  17.9 |       2 |      25 |   7.4 |   730
           D:7 |     150 |     767 |  16.4 |       5 |      24 |  17.2 |   708
           D:8 |     110 |    2728 |   3.9 |       1 |      28 |   3.4 |   888
           D:9 |     191 |    1610 |  10.6 |       7 |      17 |  29.2 |   643
          D:10 |       0 |    1548 |   0.0 |       0 |      15 |   0.0 |   294
         Sewer |       0 |     106 |   0.0 |       0 |      18 |   0.0 |   320
               +---------+---------+-------+---------+---------+-------+---------
